 Dungeon Crawl Stone Soup version 0.18.1-50-g88ac8fd (webtiles) character file.

2194 Amnesiac the Sneak (level 9, -10/41 HPs)
             Began as a Vine Stalker Artificer on July 6, 2018.
             Was a Believer of Pakellas.
             Killed from afar by Erica (19 damage)
             ... with a bolt of poison
             ... on level 8 of the Dungeon.
             The game lasted 00:14:26 (6166 turns).

Amnesiac the Sneak (Vine Stalker Artificer)         Turns: 6166, Time: 00:14:26

Health: -10/41     AC:  6    Str: 19    XL:     9   Next: 34%
Magic:  0/14       EV:  4    Int: 14    God:    Pakellas [**....]
Gold:   358        SH: 12    Dex: 15    Spells: 0 memorised, 8 levels left

rFire  . . .     SeeInvis .     a - +0 dagger (venom)
rCold  + . .     Gourm    +     B - +2 leather armour {rN+}
rNeg   + . .     Faith    .     x - +4 shield "Wusar" {rElec rC- Str+2 Int+2}
rPois  .         Spirit   +     (no helmet)
rElec  +         Dismiss  .     (no cloak)
rCorr  .         Reflect  .     v - +0 pair of gloves
SustAt .         Harm     .     (no boots)
MR     +....                    J - amulet of the gourmand
Stlth  ++++......               K - ring of protection from cold
                                w - ring of protection from cold

@: lethally poisoned (-10 -> -25), somewhat resistant to hostile enchantments,
stealthy
A: fangs 3, regeneration 2, magic shield, antimagic bite, no device heal 3, rot
immunity
a: Quick Charge, Renounce Religion


You were on level 8 of the Dungeon.
You worshipped Pakellas.
Pakellas was pleased with you.
You were completely stuffed.

You visited 1 branch of the dungeon, and saw 8 of its levels.

You collected 358 gold pieces.

Inventory:

Hand Weapons
 a - a +0 dagger of venom (weapon)
 b - a +0 dagger of holy wrath
Missiles
 k - 192 stones (quivered)
 s - 3 throwing nets
 E - 7 poisoned needles
Armour
 v - a +0 pair of gloves (worn)
 x - the +4 shield "Wusar" (worn) {rElec rC- Str+2 Int+2}
   (You found it on level 7 of the Dungeon)

   It affects your strength (+2).
   It affects your intelligence (+2).
   It makes you vulnerable to cold.
   It insulates you from electricity.
 B - a +2 leather armour of positive energy (worn)
Jewellery
 w - a ring of protection from cold (left hand)
 F - an uncursed amulet of dismissal
 J - an amulet of the gourmand (around neck)
 K - a ring of protection from cold (right hand)
Wands
 d - a wand of enslavement (15/24)
 e - a wand of random effects (12/48)
 g - a wand of confusion (19/48)
 N - a wand of flame (27/48)
 V - a wand of iceblast (13/15)
Scrolls
 h - 5 scrolls of identify {!r, unknown}
 i - 3 scrolls of remove curse {!r, unknown}
 j - a scroll of recharging {!r, unknown}
 l - 2 scrolls of amnesia {!r, unknown}
 p - 2 scrolls of fear {!r, unknown}
 r - a scroll of random uselessness {!r, unknown}
 t - 3 scrolls of noise {!r, unknown}
 u - a scroll of magic mapping {!r, unknown}
 y - 3 scrolls of teleportation {!r, unknown}
 C - 2 scrolls of enchant armour {!r, unknown}
Potions
 m - 6 potions of heal wounds {!q, unknown}
 n - 5 potions of brilliance {!q, unknown}
 q - a potion of might {!q, unknown}
 A - a potion of curing {!q, unknown}
 D - 2 potions of resistance {!q, unknown}
 G - a potion of degeneration {!q, unknown}
 I - 2 potions of agility {!q, unknown}
Books
 c - a Necronomicon

   Spells                             Type                      Level
   a - Haunt                          Necromancy/Summoning         7
   b - Borgnjor's Revivification      Necromancy                   8
   c - Death's Door                   Charms/Necromancy            8
   d - Necromutation                  Transmutation/Necromancy     8
Miscellaneous
 H - a phantom mirror
Comestibles
 f - 9 bread rations
 o - 4 meat rations
 z - a slice of pizza
 L - a chunk of flesh


   Skills:
 - Level 1.5 Fighting
 * Level 7.6 Short Blades
 - Level 1.5 Dodging
 + Level 7.7 Stealth
 - Level 1.5 Shields
 * Level 6.0 Evocations


You had 8 spell levels left.
You didn't know any spells.

Dungeon Overview and Level Annotations

Branches:
Dungeon (8/15)             Temple (0/1) D:7
   Lair: D:8-11

Altars:
Dithmenos
Makhleb
Okawaru
Pakellas
Xom

Annotations:
D:8 Erica


Innate Abilities, Weirdness & Mutations

You have razor-sharp teeth.
You heal very quickly.
When hurt, damage is shared between your health and your magic reserves.
Your bite disrupts and absorbs the magic of your enemies.
Potions and wands cannot restore your health.
You are immune to rotting.


Message History

The gnoll is severely wounded.
You kill the gnoll!
Pakellas accepts your kill. The gnoll hits you with a halberd.
You closely miss the gnoll. You hit the gnoll but do no damage.
The gnoll is poisoned.
You block the gnoll's attack.
Your shield prevents you from hitting the gnoll.
You bite the gnoll. You drain its power.
The gnoll is lightly wounded.
You hit the gnoll.
The gnoll looks even sicker.
The gnoll is heavily wounded.
The gnoll closely misses you.
You hit the gnoll.
You kill the gnoll!
Pakellas accepts your kill.
No target in view!
No target in view!
Things that are here:
a halberd; a gnoll corpse
s - 2 throwing nets (gained 1)
s - 3 throwing nets (gained 1)
Things that are here:
a club; a gnoll corpse
Things that are here:
a flail; a gnoll corpse Eating one of 2 chunks of flesh.
This raw flesh tastes great.
You continue eating. x2
Things that are here:
a club; a gnoll corpse You open the door.
Erica the Fiery-Tempered comes into view.
She is wielding a scimitar of flaming.
Found an escape hatch in the ceiling.
Found 20 gold pieces.
There is an open door here.
Erica screams, "Hurry, death AWAITS you!"
Erica casts a spell.
Erica flickers and vanishes!
Deactivating autopickup; reactivate with Ctrl-A.
Evoke which item? (* to show all) (? for menu, Esc to quit)
Aiming: Phantom Mirror
Press: ? - help, Dir - move target cursor You can't see anything there to clone.
Evoke which item? (* to show all) (? for menu, Esc to quit)
Zapping:
d - a wand of enslavement (15/24)
Press: ? - help, Shift-Dir - straight line
Okay, then.
Something hits you! Something burns you!
You hear some strange, mumbled words.
A bolt of poison appears from out of thin air!
The bolt of poison hits you!
You are poisoned.
* * * LOW HITPOINT WARNING * * *
Found a bread ration.
A centaur comes into view.
You feel sick.
There is an escape hatch in the ceiling here.
You feel sick.
You hear some strange, mumbled words.
A bolt of poison appears from out of thin air!
The bolt of poison hits you!
You are lethally poisoned!
You die...
Pakellas says: Back to the drawing board!

#.........#..........#
#.####.##.#..........+
#.####.##.#..........#
#...##.##.#..........#
##.#.##.##.'..........#
.....##.####......$...#
##...##.# #..........##
#...##.# #..........%c
#.#.##.# #....@.......
#.#..#.# ##########...
#.#..#.# #.#....#
#)#.#..# #)#.#..#
##)#.#.># ...#.##.#
##......#


You could see a centaur (sleeping).

Vanquished Creatures
  A spriggan (D:7)
  The ghost of Capy the Chopper, an amateur MiGl (D:3)
  A hippogriff (D:7)
  4 phantoms
  An orc warrior (D:8)
  An ice beast (D:8)
  An ogre (D:7)
  A centaur (D:5)
  A necrophage (D:6)
  A giant frog (D:7)
  A scorpion (D:4)
  A howler monkey (D:7)
  3 crimson imps
  A hound (D:7)
  An orc priest (D:4)
  3 giant frog skeletons
  Jessica (D:2)
  An iguana (D:6)
  Natasha (thrice) (D:3)
  5 orc wizards
  5 worker ants
  A worker ant zombie (D:3)
  3 gnolls (D:8)
  6 adders
  2 adder skeletons
  2 worms
  A dart slug (D:4)
  2 giant geckos (D:4)
  20 orcs
  A ball python (D:3)
  5 bats
  5 giant cockroaches
  3 goblins
  8 hobgoblins
  12 jackals
  3 quokkas
  A giant cockroach zombie (D:6)
  5 giant newts
  6 kobolds
  5 rats
129 creatures vanquished.

Notes
Turn   | Place    | Note
--------------------------------------------------------------
     0 | D:1      | Amnesiac the Vine Stalker Artificer began the quest for the Orb.
     0 | D:1      | Reached XP level 1. HP: 9/9 MP: 3/3
     3 | D:1      | Noticed an electric eel
     3 | D:1      | Noticed an electric eel
    29 | D:1      | Reached skill level 1 in Short Blades
   143 | D:2      | You fall through a shaft!
   173 | D:3      | Reached XP level 2. HP: 14/14 MP: 5/5
   183 | D:2      | Found an iron altar of Okawaru.
   295 | D:3      | Noticed Capy's ghost (amateur MiGl)
   320 | D:4      | Reached XP level 3. HP: 8/17 MP: 4/6
   517 | D:4      | Reached XP level 4. HP: 21/21 MP: 7/7
   646 | D:4      | Noticed a phantom
   766 | D:4      | HP: 1/21 [phantom (4)]
   850 | D:4      | Killed a phantom
   850 | D:4      | Reached XP level 5. HP: 6/25 MP: 4/8
  1262 | D:4      | Gained mutation: You heal very quickly. [Vine Stalker growth]
  1262 | D:4      | Reached XP level 6. HP: 14/29 MP: 6/9
  1591 | D:5      | Entered Level 5 of the Dungeon
  1715 | D:5      | Noticed a phantom
  1786 | D:5      | Killed a phantom
  1839 | D:5      | Reached XP level 7. HP: 4/32 MP: 9/11
  2354 | D:6      | Reached skill level 5 in Short Blades
  2471 | D:6      | Reached skill level 5 in Stealth
  2704 | D:6      | Found a shimmering altar of Xom.
  3298 | D:7      | Gained mutation: You have razor-sharp teeth. [Vine Stalker growth]
  3298 | D:7      | Reached XP level 8. HP: 37/37 MP: 12/12
  3355 | D:7      | Reached skill level 5 in Evocations
  3447 | D:7      | Found a shadowy altar of Dithmenos.
  3447 | D:7      | Found an oddly glowing altar of Pakellas.
  3452 | D:7      | Became a worshipper of Pakellas the Inventive
  3614 | D:3      | Killed Capy's ghost
  3894 | D:1      | Reached * piety under Pakellas
  3894 | D:1      | Received a gift from Pakellas
  4471 | D:2      | Noticed Jessica
  4477 | D:2      | Killed Jessica
  4605 | D:3      | Noticed Natasha
  4614 | D:3      | Killed Natasha
  4678 | D:3      | Noticed Natasha
  4700 | D:3      | Killed Natasha
  4710 | D:3      | Noticed Natasha
  4720 | D:3      | Killed Natasha
  4763 | D:3      | Found a burning altar of Makhleb.
  4765 | D:3      | Noticed a blizzard demon
  4769 | D:3      | Noticed an orange demon
  5474 | D:7      | Found a staircase to the Ecumenical Temple.
  5596 | D:7      | Reached ** piety under Pakellas
  5596 | D:7      | Received a gift from Pakellas
  5679 | D:7      | Reached skill level 1 in Shields
  5679 | D:7      | Reached XP level 9. HP: 40/40 MP: 14/14
  5697 | D:7      | Got a polished shield
  5708 | D:7      | Identified the +4 shield "Wusar" {rElec rC- Str+2 Int+2} (You found it on level 7 of the Dungeon)
  5730 | D:7      | Reached skill level 1 in Fighting
  6159 | D:8      | Noticed Erica
  6166 | D:8      | Killed from afar by Erica

Skill      XL: |  1  2  3  4  5  6  7  8  9 |
---------------+----------------------------+-----
Short Blades   | 1 2 3 4 5 7 |  7.6
Stealth        | 2 3 4 5 7 |  7.7
Evocations     | 3 4 5 6 |  6.0
Shields        | 1 |  1.5
Fighting       | 1 |  1.5
Dodging        | |  1.5

Action                   |  1- 3 |  4- 6 |  7- 9 || total
-------------------------+-------+-------+-------++-------
Melee: Short sword       |    67 |    67 |       ||   134
       Bite              |    16 |    50 |   144 ||   210
       Dagger            |       |   108 |   423 ||   531
Invok: Quick Charge      |       |       |     3 ||     3
Evoke: Wand              |    10 |    13 |    21 ||    44
 Stab: Sleeping          |     1 |     1 |    11 ||    13
       Confused          |       |       |     5 ||     5
       Distracted        |       |       |     1 ||     1
  Eat: Chunk             |       |     3 |    35 ||    38
Armor: Leather armour    |    31 |    14 |    70 ||   115
Dodge: Dodged            |    40 |    78 |   141 ||   259
Block: Shield            |       |       |    19 ||    19
